 Dungeon Crawl Stone Soup version 0.29.1-1-gd02db6906a (webtiles) character file.

Game seed: 7112953031133744849

89 RogueRain17 the Shooter (level 4, 0/33 HPs)
             Began as a Demonspawn Hunter on Oct 2, 2022.
             Slain by Grinder (4 damage)
             ... on level 4 of the Dungeon.
             The game lasted 00:06:00 (2770 turns).

RogueRain17 the Shooter (Demonspawn Hunter)         Turns: 2770, Time: 00:06:01

Health: 0/33       AC:  3    Str: 12    XL:     4   Next: 31%
Magic:  4/4        EV: 12    Int: 10    God:
Gold:   174        SH:  0    Dex: 18    Spells: 3/3 levels left

rFire   . . .      SeeInvis +   a - +0 shortbow
rCold   . . .      Faith    .   (shield currently unavailable)
rNeg    . . .      Spirit   .   c - +0 leather armour
rPois   .          Reflect  .   (no helmet)
rElec   .          Harm     .   (no cloak)
rCorr   .          Rampage  .   (no gloves)
Will    +....                   (no boots)
Stlth   ++........              (no amulet)
HPRegen 0.11/turn               k - ring of see invisible
MPRegen 0.09/turn               n - ring of willpower

@: no status effects
A: powered by pain 1, weakness stinger 1
a: no special abilities


You were on level 4 of the Dungeon.
You visited 1 branch of the dungeon, and saw 4 of its levels.

You collected 174 gold pieces.

Inventory:

Hand Weapons
 a - a +0 shortbow (weapon)
Armour
 c - a +0 leather armour (worn)
Jewellery
 k - a ring of see invisible (left hand)
 n - a ring of willpower (right hand)
 w - a ring of positive energy
Scrolls
 b - 2 scrolls of immolation
 d - 2 scrolls of teleportation {unknown}
 e - 4 scrolls of identify {unknown}
 g - a scroll of butterflies {unknown}
 h - a scroll of amnesia {unknown}
 l - 2 scrolls of enchant armour {unknown}
 t - a scroll of enchant weapon {unknown}
 v - a scroll of magic mapping {unknown}
 x - a scroll of poison {unknown}
Potions
 f - 3 potions of curing {unknown}
 i - 2 potions of brilliance {unknown}
 j - 3 potions of degeneration {unknown}
 m - a potion of might {unknown}
 o - 2 potions of heal wounds {unknown}
 p - a potion of haste {unknown}
 q - a potion of berserk rage {unknown}
 r - a potion of magic {unknown}
 s - a potion of resistance {unknown}
 u - a potion of lignification {unknown}


   Skills:
 - Level 2.0 Fighting
 * Level 5.3 Ranged Weapons
 - Level 1.7 Dodging
 - Level 0.8 Stealth


You had 3 spell levels left.
You didn't know any spells.
Your spell library contained the following spells:

 Spells                   Type           Power      Damage    Failure   Level
 Dazzling Flash           Conj/Hex       0%         N/A       82%         3
 Corpse Rot               Necr/Pois/Air  0%         N/A       99%         4
 Dispel Undead            Necr           0%         3d6       99%         4
 Agony                    Necr           0%         N/A       100%        5
 Silence                  Hex/Air        0%         N/A       100%        5
 Death Channel            Necr           0%         N/A       100%        6


Dungeon Overview and Level Annotations

Branches:
Dungeon (4/15)
 Temple: D:4-7

Altars:

Shops:
D:2 (

Annotations:
D:4 Grinder


Innate Abilities, Weirdness & Mutations

You sometimes gain a little power by taking damage.
You have a small tail.


Message History

Aim: Grinder (heavily wounded, 61% to hit)
You shoot an arrow. The arrow hits Grinder.
Grinder is heavily wounded.
Grinder gestures at you.
You easily resist.
A goblin comes into view. It is wielding a +0 dagger.
Grinder blinks!
Fire: a) +0 shortbow
Press: ? - help, Q - select action Shift-Dir - straight line, f/p - Grinder
Aim: Grinder (heavily wounded, 61% to hit)
You shoot an arrow. The arrow closely misses Grinder.
Grinder gestures at you.
You suddenly lose the ability to move!
The goblin hits you with a +0 dagger. Grinder hits you but does no damage.
The goblin hits you but does no damage. Grinder hits you but does no damage.
Grinder hits you but does no damage.
The goblin hits you with a +0 dagger. x2
Grinder hits you.
You writhe in agony.
You can move again.
Fire: a) +0 shortbow
Press: ? - help, Q - select action Shift-Dir - straight line, f/p - Grinder
Aim: Grinder (heavily wounded, 61% to hit)
You shoot an arrow. The arrow hits Grinder.
Grinder is severely wounded.
The goblin closely misses you. Grinder hits you.
You writhe in agony.
Fire: a) +0 shortbow
Press: ? - help, Q - select action Shift-Dir - straight line, f/p - Grinder
Aim: Grinder (severely wounded, 61% to hit)
You shoot an arrow. The arrow barely misses Grinder.
The goblin closely misses you. Grinder hits you but does no damage.
Unknown command.
Fire: a) +0 shortbow
Press: ? - help, Q - select action Shift-Dir - straight line, f/p - Grinder
Aim: Grinder (severely wounded, 61% to hit)
You shoot an arrow. The arrow closely misses Grinder.
Grinder says, "Tell me all your secrets, or I'll kill you."
Grinder closely misses you. The goblin closely misses you.
The goblin hits you with a +0 dagger. Grinder hits you!
* * * LOW HITPOINT WARNING * * *
You writhe in agony.
You die...

. .$ ... ... ..
##
..###.####..###.
.......g@5......
.####.#####.####
.. ##


You could see Grinder and a goblin.

Vanquished Creatures
  An adder (D:4)
  2 worms (D:2)
  2 dart slugs (D:1)
  3 orcs
  7 ball pythons
  5 bats
  7 endoplasms
  3 giant cockroaches
  3 goblins
  8 hobgoblins
  4 jackals
  A quokka (D:4)
  3 frilled lizards (D:1)
  7 kobolds
  4 rats
60 creatures vanquished.

Notes
Turn   | Place    | Note
-------+----------+-------------------------------------------
     0 | D:1      | RogueRain17 the Demonspawn Hunter began the quest for the
                  | Orb.
     0 | D:1      | Reached XP level 1. HP: 16/16 MP: 1/1
    77 | D:1      | Reached skill level 4 in Ranged Weapons
    80 | D:1      | Gained mutation: You have a small tail. [demonic ancestry]
    80 | D:1      | Reached XP level 2. HP: 11/22 MP: 2/2
   821 | D:1      | Gained mutation: You sometimes gain a little power by
                  | taking damage. [demonic ancestry]
   821 | D:1      | Reached XP level 3. HP: 27/27 MP: 3/3
   950 | D:2      | Found Izabaha's Weapon Boutique.
  1468 | D:2      | Identified the +7 falchion "Hipladow" {holy, rN++}
  1775 | D:2      | Found a faded altar of an unknown god.
  1872 | D:2      | Identified the +7 short sword of Yesterday {freeze, rF+
                  | Will+ Str-2 SInv}
  1969 | D:3      | Reached skill level 5 in Ranged Weapons
  2279 | D:4      | Reached XP level 4. HP: 23/33 MP: 4/4
  2747 | D:4      | Noticed Grinder
  2763 | D:4      | Paralysed by Grinder for 5 turns
  2770 | D:4      | Slain by Grinder

Illustrated notes

Levels and vault maps discovered:
D:1:      co_arrival_two_rings, layout_loops_ring
D:2:      minmay_inner_zag, layout_basic, chequers_ecumenical_altar_simple,
          serial_shops, nicolae_diamond_shop
D:3:      layout_rooms
D:4:      gammafunk_wand_slinger, layout_loops_ring, uniq_grinder

Skill      XL: |  1  2  3 |
---------------+----------+-----
Ranged Weapons | 4 5 |  5.3
Fighting       | |  2.0
Dodging        | |  1.7
Stealth        | |  0.8

Action                   |  1- 3 |  4- 6 || total
-------------------------+-------+-------++-------
 Fire: Shortbow          |   137 |    43 ||   180
Armor: Leather armour    |    12 |    12 ||    24
Dodge: Dodged            |    37 |    16 ||    53
